 Dungeon Crawl Stone Soup version 0.31-a0-222-gefeffbb62a (webtiles) character file.

Game seed: 10997152001930963959

217 qw the Chopper (level 5, 0/33 HPs)
             Began as a Gargoyle Fighter on July 5, 2023.
             Slain by an orc
             ... wielding a +0 mace
              (2 damage)
             ... on level 3 of the Dungeon.
             The game lasted 00:01:09 (1737 turns).

qw the Chopper (Gargoyle Fighter)                   Turns: 1737, Time: 00:01:09

Health: 0/33       AC: 10    Str: 21    XL:     5   Next: 94%
Magic:  5/5        EV:  9    Int:  9    God:
Gold:   165        SH:  9    Dex:  9    Spells: 4/4 levels left

rFire   . . .        Y - +0 war axe
rCold   . . .        c - +0 buckler
rNeg    + . .        b - +0 scale mail
rPois   inf          (no helmet)
rElec   +            (no cloak)
rCorr   .            (no gloves)
SInv    .            (no boots)
Will    .....        h - amulet of reflection Stlth
                     (no ring)
HPRegen 0.25/turn    (no ring)
MPRegen 0.09/turn

%: reflection
@: no status effects
A: sickness immunity, AC +4, negative energy resistance 1, electricity
resistance, torment resistance 1, petrification resistance
a: no special abilities


You were on level 3 of the Dungeon.
You visited 1 branch of the dungeon, and saw 3 of its levels.

You collected 165 gold pieces.


Innate Abilities, Weirdness & Mutations

You are immune to sickness and miasma.
Your stone body is resilient. (AC +4)
You are immune to poison.
You resist negative energy. (rN+)
You are resistant to electric shocks. (rElec)
You are resistant to unholy torment.
You are immune to petrification.


   Skills:
 - Level 4.0 Fighting
 - Level 5.0 Axes
 - Level 3.2 Armour
 + Level 0.6 Dodging
 - Level 3.2 Shields


You had 4 spell levels left.
You didn't know any spells.
Your spell library was empty.

Inventory:

Hand Weapons
 e - a +0 flail
 Y - a +0 war axe (weapon)
Armour
 b - a +0 scale mail (worn)
 c - a +0 buckler (worn)
Jewellery
 h - an amulet of reflection (around neck)
Scrolls
 a - a scroll of teleportation {unknown}
 l - a scroll of identify
Potions
 d - a potion of might
 g - a potion of lignification {unknown}

Dungeon Overview and Level Annotations

Branches:
Dungeon (3/15)

Altars:


Message History

The puff of flame misses you. The orc wizard closely misses you.
The bat hits you but does no damage. The bat hits you.
The orc hits you but does no damage. x3; The orc wizard barely misses you.
The orc wizard casts a spell at you. You resist with some effort.
You feel less confused. The bat hits you but does no damage.
You block the bat's attack. The orc hits you but does no damage.
The orc barely misses you. You block the orc's attack.
The orc wizard hits you but does no damage.
The orc wizard casts a spell at you. The puff of flame misses you.
The puff of flame misses the orc.
You closely miss the orc wizard. You hit the orc but do no damage.
You barely miss the orc. You hit the orc wizard. You barely miss the orc.
You block the bat's attack. You block the orc's attack.
The orc hits you with a +0 falchion. You block the orc's attack.
The orc wizard hits you but does no damage.
The orc wizard closely misses you.
A bat comes into view.
You slash the orc wizard!
The orc wizard is severely wounded.
You slash the orc!
You kill the orc!
You barely miss the orc wizard. You slash the orc!
You kill the orc!
You closely miss the orc. You block the orc's attack.
The orc wizard hits you but does no damage.
You block the bat's attack.
The orc wizard points at you and mumbles some strange words.
The magic dart hits you but does no damage.
The orc barely misses you. The orc hits you but does no damage.
The orc wizard points at you and mumbles some strange words.
You resist with some effort. You block the orc wizard's attack.
You closely miss the orc wizard.
The orc wizard is severely wounded.
You hit the orc. You slash the orc wizard! You slash the orc!
You kill the orc!
The bat completely misses you. The orc hits you with a +0 mace.
You die...

####'## ...... #.##
..... #..#
#...##### ##.##
#.......# #..##
#.......#
##.)#######.......#
#))......##..b#
####......#.).oo.#
#.........###..@o#
#.........#
###)b......
#.........#
####.....
#.........# .....
#.........# .>..
#.......### ...
#.......# .
#.......#


You could see 2 orc wizards, an orc and 2 bats.

Vanquished Creatures
  Pargi (D:3)
  3 gnolls (D:3)
  3 adders
  A worm (D:3)
  4 dart slugs
  7 orcs (D:3)
  5 bats
  2 endoplasms
  A giant cockroach (D:2)
  A goblin (D:1)
  4 hobgoblins
  3 jackals (D:1)
  2 quokkas (D:2)
  4 ball pythons
  A frilled lizard (D:2)
  2 kobolds (D:1)
  8 rats
52 creatures vanquished.

Notes
Turn   | Place    | Note
-------+----------+-------------------------------------------
     0 | D:1      | qw the Gargoyle Fighter began the quest for the Orb.
     0 | D:1      | Reached XP level 1. HP: 14/14 MP: 1/1
     0 | D:1      | 0 ||| qw: Version: 0.3-a-46-gb1f654a
     0 | D:1      | 0 ||| qw: Game counter: 982
     0 | D:1      | 0 ||| qw: Melee chars always use a shield: true
     0 | D:1      | 0 ||| qw: God list: Okawaru
     0 | D:1      | 0 ||| qw: Allow faded altars: false
     0 | D:1      | 0 ||| qw: Do Orc after clearing Dungeon:15 true
     0 | D:1      | 0 ||| qw: Do second Lair branch before Depths: true
     0 | D:1      | 0 ||| qw: Lair rune preference: random
     0 | D:1      | 0 ||| qw: Goals: Normal, Zot:1-4, Slime:5, God:TSO, Crypt,
                  | Tomb, Abyss, Pan, Hells, Win
     0 | D:1      | 0 ||| PLANNING D:1-11
    15 | D:1      | Reached skill level 2 in Axes
    85 | D:1      | Reached XP level 2. HP: 18/19 MP: 2/2
   557 | D:1      | 557 ||| UPGRADING to amulet of reflection.
   562 | D:1      | 562 ||| READING scroll labelled BIRUFR NOILU.
   563 | D:1      | 563 ||| READING scroll labelled ADOGIKLAOSK.
   564 | D:1      | 564 ||| READING scroll labelled XUCZOM DORI.
   565 | D:1      | 565 ||| READING scroll labelled OWUELI RIYBB.
   628 | D:2      | 628 ||| Stepping ~*~*~tactically~*~*~ (hiding).
   635 | D:2      | Reached skill level 3 in Axes
   806 | D:2      | Reached XP level 3. HP: 23/23 MP: 3/3
   914 | D:2      | 914 ||| Stepping ~*~*~tactically~*~*~ (stealth).
   915 | D:2      | 915 ||| Stepping ~*~*~tactically~*~*~ (stealth).
   967 | D:2      | 967 ||| Stepping ~*~*~tactically~*~*~ (stealth).
   968 | D:2      | 968 ||| Stepping ~*~*~tactically~*~*~ (stealth).
  1242 | D:2      | 1242 ||| DROPPING amulet of magic regeneration.
  1243 | D:2      | 1243 ||| READING scroll labelled HYAQOIDU RYMU.
  1244 | D:2      | 1244 ||| READING scroll labelled TOMOSO YDOIR.
  1245 | D:2      | 1245 ||| READING scroll labelled CETZICYGUU.
  1246 | D:2      | 1246 ||| READING scroll labelled ZEZUIDWALO.
  1247 | D:2      | 1247 ||| READING scroll labelled XEIVVU OSACO.
  1308 | D:3      | Reached XP level 4. HP: 13/28 MP: 4/4
  1405 | D:3      | Noticed Pargi
  1425 | D:3      | Killed Pargi
  1426 | D:3      | Reached skill level 4 in Axes
  1426 | D:3      | Reached XP level 5. HP: 14/32 MP: 5/5
  1538 | D:3      | Reached skill level 5 in Axes
  1562 | D:3      | 1562 ||| Stepping ~*~*~tactically~*~*~ (stealth).
  1669 | D:3      | 1669 ||| DROPPING +0 club.
  1691 | D:3      | 1691 ||| DROPPING +0 whip.
  1695 | D:3      | 1695 ||| Stepping ~*~*~tactically~*~*~ (stealth).
  1697 | D:3      | 1697 ||| Stepping ~*~*~tactically~*~*~ (stealth).
  1731 | D:3      | HP: 4/33 [orc/+0 mace (5)]
  1735 | D:3      | HP: 1/33 [orc/+0 falchion (1)]
  1737 | D:3      | Slain by an orc

Levels and vault maps discovered:
D:1:      ncdulo_watergridlock, layout_basic, minmay_pentomino_p4
D:2:      layout_basic
D:3:      layout_basic, kennysheep_pointless_box, uniq_pargi

Skill      XL: |  1  2  3  4  5 |
---------------+----------------+-----
Axes           | 2 3 4 5 |  5.0
Fighting       | 4 |  4.0
Armour         | |  3.2
Dodging        | |  0.6
Shields        | |  3.2

Action                     |  1- 3 |  4- 6 || total
---------------------------+-------+-------++-------
  Melee: War axe           |   106 |    47 ||   153
    Use: Scroll            |     9 |       ||     9
 Armour: Scale mail        |    45 |    82 ||   127
  Dodge: Dodged            |    32 |    68 ||   100
  Block: Buckler           |    43 |    36 ||    79
         Reflection        |     1 |       ||     1

Table legend:
 A = Non-vault XP
 B = Vault XP
 C = Vault XP percentage of total XP
 D = Non-vault monster count
 E = Vault monster count
 F = Vault count percentage of total count
                 A         B        C        D         E       F
            +---------+---------+-------+---------+---------+-------
      Total |     172 |     142 |  45.2 |      49 |       3 |   5.8
            +---------+---------+-------+---------+---------+-------
        D:1 |      20 |       4 |  16.7 |      13 |       2 |  13.3
        D:2 |      55 |       0 |   0.0 |      16 |       0 |   0.0
        D:3 |      97 |     138 |  58.7 |      20 |       1 |   4.8
            +---------+---------+-------+---------+---------+-------
